Map: Frost LE

Players

ByuN - Winner!

  • Race: Terran Terran

Dear

  • Race: Protoss Protoss

Event: 2016 WCS Global Finals

VOD

https://youtu.be/5Kov-xsjXVQ

Description

Time

  • Played on: Oct. 30, 2016, 1:33 p.m.
  • Length: 8:06

All games in this series

Show
View Real Time Build Order
Export as new Build Order

ByuN Terran - Winner!

Build Orders: Command Center First (CC), MMM Bio 

Get SALT Encoding   

  12  0:00  SCV  
  13  0:12  SCV  
  14  0:17  Supply Depot  
  14  0:24  SCV  
  15  0:39  SCV  
  16  0:51  SCV  
  17  0:59  Command Center  
  17  1:03  SCV  
  18  1:13  Barracks  
  18  1:16  SCV  
  19  1:21  Refinery  
  19  1:28  SCV  
  20  1:36  Barracks  
  20  1:40  SCV  
  21  1:52  SCV  
  22  2:00  Marine  
  23  2:05  Orbital Command  
  23  2:10  Orbital Command  
  23  2:18  Barracks Reactor  
  23  2:22  Barracks Tech Lab  
  23  2:24  Barracks  
  23  2:30  SCV  
  23  2:32  Refinery  
  25  2:37  SCV  
  25  2:40  Marine  
  25  2:43  SCV  
  27  2:49  Stimpack  
  27  2:50  SCV  
  28  2:55  SCV, Marine x2  
  31  2:58  Marine  
  31  3:03  Supply Depot  
  31  3:04  SCV  
  33  3:07  SCV  
  33  3:08  Engineering Bay  
  33  3:11  Barracks Reactor  
  34  3:14  Marine  
  34  3:16  SCV, Marine  
  34  3:19  SCV  
  38  3:25  Marine  
  39  3:30  Supply Depot  
  39  3:32  SCV x2, Marine  
  39  3:33  Marine  
  43  3:38  Factory  
  43  3:41  Missile Turret  
  43  3:42  Marine  
  43  3:44  SCV  
  43  3:45  SCV  
  46  3:49  Terran Infantry Weapons Level 1  
  46  3:54  Supply Depot  
  47  3:57  Marine x3  
  47  3:58  Marine  
  47  4:01  Marine  
  51  4:05  SCV x2  
  53  4:13  Supply Depot  
  53  4:16  Marine x4  
  57  4:17  SCV x2  
  57  4:18  Marine  
  57  4:24  Starport, Factory Reactor  
  60  4:29  SCV x2  
  62  4:34  Missile Turret  
  62  4:35  Supply Depot  
  62  4:37  Supply Depot  
  62  4:42  Marine  
  62  4:43  Marine x3  
  62  4:44  Marine  
  67  4:48  SCV x2  
  69  4:52  Combat Shields  
  69  5:00  Supply Depot, Marine  
  69  5:02  Marine x2  
  69  5:06  Refinery, Medivac x2  
  69  5:07  Marine  
  76  5:08  Marine  
  76  5:12  Widow Mine  
  80  5:18  Supply Depot  
  80  5:20  Marine x3  
  82  5:24  Marine  
  82  5:27  Supply Depot  
  83  5:31  Marauder  
  82  5:42  Marine  
  82  5:43  Marine x3  
  86  5:50  Medivac x2  
  86  5:52  Factory Reactor  
  86  5:53  Marauder, Supply Depot  
  92  6:02  Marine x3  
  92  6:03  Marine  
  96  6:14  Marauder  
  98  6:18  Concussive Shells  
  98  6:19  Command Center  
  98  6:20  Marine x4  
  101  6:35  Marauder  
  101  6:38  Widow Mine x2, Marine x4  
  92  6:56  Marine x3  
  92  6:57  Marauder  
  92  7:05  Barracks, SCV x2  
  92  7:07  Barracks, Widow Mine x2  
  92  7:08  Marine  
  93  7:13  Marine x2  
  91  7:16  Medivac x2  
  91  7:18  SCV x2, Marauder  
  99  7:25  Marine  
  99  7:26  Marine  
  101  7:33  Marine x2  
  101  7:35  Widow Mine x2  
  107  7:39  SCV x2, Marauder  
  107  7:42  Marine  
  107  7:44  Marine  
  112  7:45  Refinery  
Show
View Real Time Build Order
Export as new Build Order

Dear Protoss 

Build Orders: 1 Gate Expand, Blink Stalkers 

Get SALT Encoding   

  12  0:00  Probe (Chrono Boost)  
  13  0:11  Probe (Chrono Boost)  
  14  0:17  Pylon  
  14  0:22  Probe (Chrono Boost)  
  15  0:33  Assimilator  
  15  0:35  Probe (Chrono Boost)  
  16  0:41  Gateway  
  16  0:45  Probe (Chrono Boost)  
  17  0:56  Probe (Chrono Boost)  
  18  1:07  Probe (Chrono Boost)  
  19  1:18  Nexus  
  19  1:22  Probe (Chrono Boost)  
  20  1:31  Cybernetics Core  
  20  1:34  Probe (Chrono Boost)  
  20  1:39  Assimilator  
  21  1:45  Probe (Chrono Boost)  
  22  1:49  Pylon  
  22  1:55  Probe (Chrono Boost)  
  23  2:08  Warp Gate, Mothership Core (Chrono Boost)  
  25  2:12  Adept  
  27  2:26  Probe (Chrono Boost)  
  27  2:30  Probe (Chrono Boost)  
  27  2:32  Robotics Facility  
  29  2:37  Probe (Chrono Boost)  
  29  2:40  Probe (Chrono Boost)  
  30  2:47  Probe (Chrono Boost)  
  32  2:51  Probe (Chrono Boost)  
  32  2:52  Twilight Council  
  32  2:58  Probe (Chrono Boost)  
  33  3:02  Probe (Chrono Boost)  
  34  3:08  Probe (Chrono Boost)  
  34  3:12  Probe (Chrono Boost)  
  36  3:17  Gateway  
  36  3:18  Gateway  
  37  3:20  Observer, Probe (Chrono Boost)  
  37  3:22  Blink  
  37  3:23  Probe (Chrono Boost)  
  39  3:33  Pylon  
  41  3:34  Probe x2 (Chrono Boost)  
  41  3:39  Assimilator  
  41  3:43  Observer  
  41  3:46  Probe x2 (Chrono Boost)  
  44  3:58  Probe x2 (Chrono Boost)  
  48  4:10  Nexus, Probe x2 (Chrono Boost)  
  48  4:18  Pylon  
  48  4:21  Stalker x2  
  48  4:23  Stalker  
  54  4:32  Pylon, Warp Prism  
  54  4:38  Probe x2 (Chrono Boost)  
  57  4:49  Stalker x2  
  57  4:51  Stalker  
  64  4:54  Probe (Chrono Boost)  
  64  4:55  Probe (Chrono Boost)  
  65  5:05  Forge  
  65  5:06  Observer, Probe (Chrono Boost)  
  67  5:07  Probe (Chrono Boost)  
  67  5:08  Pylon  
  68  5:15  Resonating Glaives  
  68  5:18  Probe (Chrono Boost)  
  68  5:19  Probe (Chrono Boost)  
  70  5:22  Probe (Chrono Boost)  
  70  5:24  Sentry x3  
  78  5:30  Probe (Chrono Boost)  
  78  5:31  Probe (Chrono Boost)  
  78  5:32  Gateway  
  78  5:33  Probe (Chrono Boost)  
  78  5:34  Gateway  
  80  5:36  Immortal  
  83  5:44  Probe (Chrono Boost)  
  83  5:45  Probe x2 (Chrono Boost)  
  83  5:47  Gateway  
  86  5:50  Gateway  
  86  5:55  Pylon  
  86  6:00  Adept x3  
  86  6:03  Pylon  
  92  6:10  Immortal  
  92  6:12  Pylon  
  92  6:16  Pylon  
  96  6:21  Adept x3  
  96  6:24  Probe x2 (Chrono Boost)  
  96  6:25  Probe (Chrono Boost)  
  105  6:32  Pylon  
  105  6:36  Adept x2  
  91  6:44  Adept x3  
  67  6:58  Stalker  
  67  7:00  Stalker x3  
  64  7:03  Probe (Chrono Boost)  
  64  7:04  Probe x2 (Chrono Boost)  
  64  7:06  Adept x3  
  66  7:19  Probe (Chrono Boost)  
  66  7:20  Probe x2 (Chrono Boost)  
  69  7:24  Adept  
  69  7:25  Adept x3  
  69  7:29  Probe (Chrono Boost)  
  78  7:30  Adept x2  
  78  7:32  Probe x2 (Chrono Boost)  
  78  7:33  Adept  
  86  7:45  Adept x2  
  86  7:47  Adept x2  
  94  7:52  Assimilator  
  94  7:55  Adept x3  
Tags
 
Add a new tag
Caveats
  • Supply blocks, unpowered buildings, or Contaminate may cause inaccurate times.
  • Supply counts are checked every 10 seconds.